 Dungeon Crawl Stone Soup version 0.24.1 (webtiles) character file.

Game seed: 4299514529853189344, levelgen mode: deterministic

63 Doot the Sneak (level 3, -2/24 HPs)
             Began as a Vampire Enchanter on Apr 6, 2020.
             Slain by a worm (9 damage)
             ... on level 3 of the Dungeon.
             The game lasted 00:02:10 (1008 turns).

Doot the Sneak (Vampire Enchanter)                  Turns: 1008, Time: 00:02:10

Health: -2/24      AC:  6    Str:  8    XL:     3   Next: 87%
Magic:  0/6        EV: 12    Int: 17    God:
Gold:   112        SH:  0    Dex: 14    Spells: 3/6 levels left

rFire    + . .     SeeInvis +   f - +1 dagger (speed)
rCold    . . .     Gourm    .   (no shield)
rNeg     . . .     Faith    .   k - +2 leather armour {rF+}
rPois    .         Spirit   .   (no helmet)
rElec    .         Reflect  .   (no cloak)
rCorr    .         Harm     .   i - +0 pair of gloves
MR       .....                  (no boots)
Stlth    ++........             (no amulet)
HPRegen  0.28/turn              (no ring)
MPRegen  0.10/turn              (no ring)

@: very slightly contaminated, regenerating quickly, very slow
A: no food, fangs 3, see invisible, unbreathing
a: Exsanguinate


You were on level 3 of the Dungeon.
You were alive.

You visited 1 branch of the dungeon, and saw 3 of its levels.

You collected 112 gold pieces.

Inventory:

Hand Weapons
 a - a +1 dagger
 f - a +1 dagger of speed (weapon)
Armour
 b - a +0 robe
 i - a +0 pair of gloves (worn)
 k - a +2 leather armour of fire resistance (worn)
Scrolls
 e - 4 scrolls of remove curse {unknown}
 g - 2 scrolls of fear {unknown}
 h - 3 scrolls of teleportation {unknown}
Potions
 c - 2 potions of might {unknown}
 d - a potion of agility {unknown}
 j - a potion of curing {unknown}


   Skills:
 + Level 0.1 Fighting
 + Level 1.6 Short Blades
 + Level 2.8 Dodging
 + Level 5.7 Stealth
 + Level 2.3 Spellcasting
 + Level 4.9 Hexes
 + Level 0.1 Ice Magic


You had 3 spell levels left.
You knew the following spells:

 Your Spells              Type           Power        Failure   Level  Hunger
a - Corona                Hex            ###....      3%          1    N/A
b - Ensorcelled Hibernat  Hex/Ice        ##....       14%         2    N/A

Your spell library contained the following spells:

 Spells                   Type           Power        Failure   Level  Hunger
 Confuse                  Hex            ###.....     11%         3    N/A
 Tukima's Dance           Hex            ###.....     11%         3    N/A
 Dazzling Spray           Conj/Hex       ##....       30%         3    N/A

Dungeon Overview and Level Annotations

Branches:
Dungeon (3/15)

Altars:

Portals:
Sewer: D:3


Innate Abilities, Weirdness & Mutations

You do not eat.
Your natural rate of healing is unusually fast.
You have razor-sharp teeth.
You have supernaturally acute eyesight. (SInv)
You can survive without breathing.


Message History

You hit the worm.
The worm is heavily wounded.
The worm bites you but does no damage.
Your unstable footing causes you to fumble your attack.
You hit the worm.
The worm is heavily wounded.
The worm bites you!
* * * LOW HITPOINT WARNING * * *
Your unstable footing causes you to fumble your attack.
Casting: Ensorcelled Hibernation (safe; 14% risk of failure)
Confirm with . or Enter, or press ? or * to list all spells.
Aiming: Ensorcelled Hibernation (safe; 14% risk of failure)
Press: ? - help, Shift-Dir - straight line, f/p - worm
Aim: a worm (heavily wounded, chance to defeat MR: 50%)
The worm looks drowsy...
The helpless worm fails to defend itself.
You impale the worm!!
You kill the worm!
The worm bites you!
You die...

#### ##... .
############...####.
#∩≈≈≈≈≈#≈≈≈#........
######w#≈#≈#≈...>...
#≈≈@w#≈#≈#≈#≈..#.##.
#≈##≈≈≈≈≈#≈†≈≈......
########≈#≈#≈.......
≈w≈≈≈≈≈≈#≈≈≈......#
#≈#######≈#...#...#
#≈≈≈..#†..#
###≈≈...#...#
......#.#...#
.............


You could see a worm.

Vanquished Creatures
  3 adders (D:3)
  2 worms (D:3)
  A giant cockroach (D:2)
  6 goblins
  A hobgoblin (D:1)
  2 jackals (D:2)
  A quokka (D:2)
  6 bats
  6 kobolds
  3 rats
31 creatures vanquished.

Notes
Turn   | Place    | Note
-------+----------+-------------------------------------------
     0 | D:1      | Doot the Vampire Enchanter began the quest for the Orb.
     0 | D:1      | Reached XP level 1. HP: 13/13 MP: 3/3
   403 | D:1      | Reached XP level 2. HP: 19/19 MP: 5/5
   743 | D:2      | Learned a level 2 spell: Ensorcelled Hibernation
   747 | D:2      | Reached skill level 5 in Stealth
   900 | D:3      | Reached XP level 3. HP: 24/24 MP: 1/6
   967 | D:3      | Found a glowing drain.
  1008 | D:3      | Slain by a worm

Levels and vault maps discovered:
D:1:      dpeg_arrival_water_temple_mockup, layout_loops_ring
D:2:      layout_basic, lemuel_round_altar
D:3:      lemuel_upstairs_altar, layout_basic, lemuel_doored_altar,
          nicolae_qazlal_eye_of_the_storm, first_ration,
          lightli_sewer_entry_pipes, minmay_liquid_box,
          minmay_misc_feat_enclosed, chequers_serial_rivers_small_a,
          grunt_ministairs_8

Skill      XL: |  1  2 |
---------------+-------+-----
Stealth        | 5 |  5.7
Fighting       | |  0.1
Short Blades   | |  1.6
Dodging        | |  2.8
Spellcasting   | |  2.3
Hexes          | |  4.9
Ice Magic      | |  0.1

Action                   || total
-------------------------++-------
Melee: Dagger            ||   124
       Bite              ||    12
 Cast: Corona            ||     4
       Ensorcelled Hiber ||     7
 Stab: Sleeping          ||    11
Armor: Robe              ||    18
       Leather armour    ||     9
Dodge: Dodged            ||    78
